Map: Acid Plant LE

Players

Snute - Winner!

  • Race: Zerg Zerg
  • Spawn Location: 11:00

Silky

  • Race: Zerg Zerg
  • Spawn Location: 5:00

Event: WCS Austin 2018

VOD

Have the link to the VOD?

Description

Time

  • Played on: June 1, 2018, 8:29 p.m.
  • Length: 7:41

All games in this series

Show
View Real Time Build Order
Export as new Build Order

Snute Zerg - Winner!

Build Orders: Hatch First 

Get SALT Encoding   

  12  0:00  Drone  
  13  0:12  Overlord  
  13  0:17  Drone  
  14  0:30  Drone x2  
  14  0:34  Drone  
  17  0:51  Hatchery  
  17  0:54  Drone  
  17  0:57  Drone  
  17  1:00  Extractor  
  17  1:13  Spawning Pool  
  17  1:16  Drone  
  17  1:19  Drone  
  18  1:27  Drone  
  19  1:38  Overlord  
  19  1:49  Drone  
  20  1:59  Queen  
  20  2:00  Drone  
  20  2:01  Metabolic Boost  
  23  2:03  Queen  
  23  2:07  Drone  
  26  2:10  Drone  
  26  2:14  Drone  
  28  2:23  Zergling x2  
  28  2:24  Zergling x2  
  30  2:32  Zergling x2  
  31  2:39  Hatchery  
  31  2:41  Drone  
  31  2:45  Overlord  
  31  2:47  Drone  
  32  2:55  Drone  
  32  2:56  Baneling Nest  
  32  2:57  Drone  
  33  3:07  Zergling x2  
  33  3:08  Zergling x8  
  38  3:13  Zergling x2  
  38  3:15  Zergling x4  
  40  3:23  Overlord, Drone  
  41  3:28  Drone  
  41  3:30  Drone  
  43  3:40  Overlord  
  43  3:41  Baneling x2  
  43  3:43  Drone  
  44  3:50  Drone  
  44  3:51  Drone  
  44  3:52  Drone  
  43  3:57  Drone  
  43  3:58  Drone x2  
  43  4:00  Drone  
  43  4:01  Drone  
  48  4:05  Drone x4  
  48  4:06  Extractor  
  48  4:09  Roach Warren  
  50  4:12  Drone  
  50  4:14  Queen  
  51  4:25  Overlord  
  51  4:37  Overlord  
  51  4:49  Roach x10  
  51  4:50  Roach  
  73  4:56  Roach  
  73  4:59  Evolution Chamber  
  74  5:01  Zergling x4  
  74  5:03  Overlord  
  76  5:12  Zergling x12  
  82  5:15  Overlord  
  82  5:19  Overlord  
  82  5:22  Baneling  
  82  5:23  Baneling, Zergling x2  
  82  5:24  Zergling x8  
  82  5:27  Zerg Missile Weapons Level 1  
  86  5:28  Baneling  
  86  5:33  Drone x4  
  88  5:36  Baneling  
  88  5:37  Baneling  
  87  5:48  Zergling x18  
  94  5:53  Zergling x4  
  94  5:56  Zergling x2  
  96  6:02  Zergling x12  
  102  6:10  Zergling x2  
  102  6:11  Zergling x4  
  97  6:14  Zergling x2  
  97  6:17  Lair  
  97  6:18  Drone x2  
  88  6:26  Drone x2  
  88  6:28  Drone  
  79  6:42  Roach x3  
  79  6:49  Roach x8  
  79  6:52  Extractor  
  79  6:54  Roach  
  94  6:55  Roach  
  94  6:58  Extractor  
  94  7:00  Roach  
  97  7:01  Overlord  
  97  7:04  Roach  
  101  7:08  Roach  
  101  7:16  Overlord, Roach  
  103  7:24  Drone  
  103  7:25  Drone x8  
Show
View Real Time Build Order
Export as new Build Order

Silky Zerg 

Build Orders: Hatch First 

Get SALT Encoding   

  12  0:00  Drone  
  13  0:12  Overlord  
  13  0:17  Drone  
  14  0:31  Drone x2  
  16  0:47  Hatchery  
  15  0:51  Drone  
  15  0:54  Drone  
  17  0:58  Drone  
  18  1:08  Extractor  
  17  1:13  Spawning Pool  
  17  1:16  Drone  
  17  1:20  Drone  
  18  1:28  Drone  
  19  1:39  Drone  
  20  1:49  Overlord  
  20  1:59  Queen x2  
  20  2:00  Zergling x4  
  26  2:10  Drone x2  
  28  2:20  Metabolic Boost  
  28  2:22  Drone x2  
  30  2:35  Hatchery  
  29  2:42  Baneling Nest  
  29  2:44  Drone  
  29  2:46  Drone  
  29  2:50  Drone  
  31  2:54  Overlord  
  31  2:56  Drone  
  32  2:59  Zergling x2  
  32  3:04  Overlord  
  33  3:08  Drone x2  
  35  3:17  Zergling x2  
  35  3:23  Drone  
  35  3:25  Baneling x2, Zergling x4  
  35  3:26  Zergling x2  
  39  3:28  Drone  
  39  3:29  Queen  
  42  3:38  Overlord  
  42  3:40  Drone x2  
  44  3:45  Baneling  
  44  3:51  Drone x5  
  44  3:52  Zergling x2  
  45  3:57  Zergling x4  
  45  4:00  Extractor  
  46  4:03  Evolution Chamber  
  46  4:04  Drone x2  
  46  4:08  Queen  
  49  4:12  Drone x2  
  51  4:17  Drone x2  
  51  4:22  Zergling x2  
  53  4:26  Overlord  
  53  4:28  Overlord  
  53  4:30  Drone x3  
  56  4:31  Zerg Missile Weapons Level 1  
  56  4:34  Extractor  
  56  4:35  Drone x2  
  57  4:39  Overlord  
  57  4:45  Lair  
  57  4:47  Drone x3  
  57  4:50  Drone x2  
  57  4:52  Drone  
  63  4:55  Drone  
  64  5:02  Roach Warren  
  64  5:03  Overlord  
  64  5:05  Zergling x6  
  66  5:25  Spine Crawler  
  64  5:41  Roach x2  
  64  5:42  Roach x11  
  90  5:44  Overlord  
  87  5:51  Overlord  
  87  5:53  Roach x3  
  89  5:58  Overlord  
  89  6:00  Roach  
  89  6:02  Overlord  
  92  6:04  Roach x2  
  92  6:11  Roach x3  
  94  6:12  Zergling x2  
  94  6:17  Roach x2  
  89  6:22  Roach x2  
  89  6:25  Roach  
  89  6:27  Ravager  
  89  6:29  Roach  
  89  6:31  Roach  
  85  6:34  Roach x2  
  85  6:39  Roach x2  
  89  6:44  Drone x2  
  89  6:51  Roach x2  
  89  6:53  Zergling x4  
  95  6:55  Zergling x2  
  96  7:05  Zergling x6  
  99  7:12  Hatchery  
  98  7:16  Zergling x4  
Tags
 
Add a new tag
Caveats
  • Supply blocks, unpowered buildings, or Contaminate may cause inaccurate times.
  • Supply counts are checked every 10 seconds.